AoeStats
← z PonCe z

Arena

509292102Analyzed
3v3 RM · 5d ago on Sep 26, 2026· 46m 36s· 6 players
Game mode
Random Map
Map size
Normal (6 player)
Population
200
Speed
Normal
Resources
Standard
Victory
Conquest
Starting age
Dark Age
Ending age
Imperial Age
RankedLock teamsTeams togetherTeam positionsShared explorationLock speedFull tech treeHidden civsTurbo modeCheats
Victory
Defeat
🇲🇽 Sicilians · Mexico
1103
+11
🇲🇽 Cumans · Mexico
1098
+11
🇲🇽 Inca · Mexico
1006
+16
🇨🇳 Byzantines · China
1035
-14
🇨🇳 Turks · China
1023
-14
🇨🇳 Varangians · China
920
-10
z PonCe z
0:57 Loom
10:48 Feudal Age
12:48 Feudal Age
19:15 Castle Age
18:02 Double-Bit Axe
19:22 Horse Collar
20:33 Gold Mining
21:06 Bow Saw
21:52 Wheelbarrow
26:24 Gold Shaft Mining
26:00 Heavy Plow
27:29 Hand Cart
29:07 Stone Mining
29:39 Crossbowman
32:58 Thumb Ring
33:19 Ballistics
34:05 Scale Mail Armor
34:20 Forging
36:19 Chain Mail Armor
39:11 Padded Archer Armor
39:02 Fletching
41:04 Bodkin Arrow
41:25 Leather Archer Armor
46:22 Imperial Age
Jorge el glorioso maton
9:13 Feudal Age
9:25 Loom
20:48 Castle Age
21:46 Horse Collar
21:53 Double-Bit Axe
31:09 Gold Mining
32:10 Bow Saw
32:03 Heavy Plow
35:25 Imperial Age
34:07 Scale Barding Armor
34:13 Forging
34:42 Wheelbarrow
34:48 Bloodlines
35:11 Chain Barding Armor
36:09 Gold Shaft Mining
36:31 Iron Casting
36:49 Crop Rotation
37:30 Two-Man Saw
36:13 Cavalier
39:04 Blast Furnace
39:05 Plate Barding Armor
38:35 Fletching
38:47 Padded Archer Armor
41:41 Bodkin Arrow
42:33 Leather Archer Armor
43:07 Paladin
iSlayerXtrem
6:29 Loom
9:52 Feudal Age
11:28 Double-Bit Axe
12:55 Forging
12:45 Scale Mail Armor
23:27 Castle Age
23:17 Wheelbarrow
26:02 Fletching
26:12 Padded Archer Armor
26:31 Gold Mining
26:54 Bow Saw
28:25 Gold Shaft Mining
28:46 Crossbowman
29:28 Bodkin Arrow
32:42 Ballistics
35:50 Imperial Age
34:02 Leather Archer Armor
35:17 Hand Cart
34:51 Town Watch
36:26 Town Patrol
36:11 Horse Collar
38:09 Chemistry
36:56 Arbalester
40:50 Bracer
41:08 Masonry
41:04 Siege Engineers
44:04 Stone Mining
ming
11:42 Feudal Age
13:10 Horse Collar
16:01 Castle Age
14:08 Double-Bit Axe
18:06 Bow Saw
20:50 Gold Mining
20:53 Stone Mining
22:15 Heavy Plow
23:04 Loom
24:44 Wheelbarrow
29:39 Imperial Age
27:30 Hand Cart
28:16 Gold Shaft Mining
32:11 Two-Man Saw
31:45 Crop Rotation
32:12 Forging
32:07 Scale Barding Armor
32:32 Elite Cataphract
33:33 Conscription
34:48 Iron Casting
35:19 Husbandry
36:38 Logistica
37:10 Chain Barding Armor
36:48 Elite Skirmisher
37:37 Thumb Ring
37:44 Heavy Camel Rider
41:06 Plate Barding Armor
40:23 Fletching
40:34 Padded Archer Armor
44:05 Light Cavalry
44:47 Hussar
我才是最强白龙
11:03 Feudal Age
13:57 Loom
14:38 Loom
21:59 Horse Collar
30:05 Castle Age
32:48 Heavy Plow
35:23 Double-Bit Axe
40:19 Imperial Age
躯壳也会心痛
11:27 Feudal Age
17:00 Castle Age
17:06 Castle Age
17:04 Loom
28:38 Horse Collar
30:50 Vendel Legacy
30:58 Vendel Legacy
39:33 Imperial Age
37:40 Wheelbarrow
40:26 Forging
40:17 Scale Mail Armor
40:24 Scale Barding Armor
41:38 Double-Bit Axe
41:19 Cavalier
42:41 Husbandry
42:51 Bloodlines
Connection lost

Rejoining the realm…

Still unreachable

The connection could not be restored.

Session expired

The server has moved on; the page needs a fresh start.